 Dungeon Crawl Stone Soup version 0.26.0-18-gc5c842f807 (webtiles) character file.

Game seed: 11025907756336634456

269 inqbanana the Skirmisher (level 6, -2/66 HPs)
             Began as an Ogre Chaos Knight on Jan 22, 2021.
             Was a Plaything of Xom.
             Slain by a gnoll shaman
             ... wielding a +0 club
              (8 damage)
             ... on level 3 of the Dungeon.
             The game lasted 00:03:06 (2265 turns).

inqbanana the Skirmisher (Ogre Chaos Knight)        Turns: 2265, Time: 00:03:07

Health: -2/66      AC:  5    Str: 17    XL:     6   Next: 22%
Magic:  0/6        EV: 10    Int: 13    God:    Xom [.*....]
Gold:   198        SH:  0    Dex: 10    Spells: 5/5 levels left

rFire    . . .     SeeInvis .   a - +0 mace (chaos)
rCold    . . .     Faith    .   (no shield)
rNeg     . . .     Spirit   +   b - +2 robe
rPois    .         Reflect  .   (helmet restricted)
rElec    .         Harm     .   (no cloak)
rCorr    .         Rampage  .   (gloves unavailable)
Will     .....     Clarity  +   (boots unavailable)
Stlth    +.........             c - amulet of guardian spirit
HPRegen  0.21/turn              (no ring)
MPRegen  0.10/turn              (no ring)

@: no status effects
A: large, unfitting armour, clarity, tough skin 1
a: Renounce Religion


You were on level 3 of the Dungeon.
You worshipped Xom.
You were a plaything of Xom.
You visited 1 branch of the dungeon, and saw 5 of its levels.

You collected 198 gold pieces.

Inventory:

Hand Weapons
 a - a +0 mace of chaos (weapon)
Missiles
 j - 4 boomerangs (quivered)
Armour
 b - a +2 robe (worn)
Jewellery
 c - an amulet of guardian spirit (around neck)
Scrolls
 e - a scroll of identify {unknown}
 f - a scroll of fear {unknown}
 g - a scroll of immolation {unknown}
 h - a scroll of magic mapping {unknown}
 i - 2 scrolls of teleportation {unknown}


   Skills:
 + Level 5.2 Fighting
 * Level 4.3 Maces & Flails
 + Level 1.5 Throwing
 + Level 1.7 Armour
 + Level 3.1 Dodging


You had 5 spell levels left.
You didn't know any spells.
Your spell library was empty.

Dungeon Overview and Level Annotations

Branches:
Dungeon (5/15)
 Temple: D:4-7

Altars:
Dithmenos
Okawaru
Zin

Annotations:
D:4 Demosthentine's ghost, amateur FoFi; Natasha


Innate Abilities, Weirdness & Mutations

You are too large for most types of armour.
You have tough skin. (AC +1)
You possess an exceptional clarity of mind.


Message History

The quasit gives a chilling moan.
Demosthentine's ghost stares at you.
The gnoll shaman rages.
The gnoll shaman rages.
The gnoll shaman closely misses you.
The gnoll shaman hits you with a +0 club!
* * * LOW HITPOINT WARNING * * *
There is a stone staircase leading up, spattered with blood here.
The gnoll shaman hits you with a +0 club.
* * * LOW HITPOINT WARNING * * *
You climb upwards.
Found an escape hatch in the ceiling.
There is a stone staircase leading down here.
You closely miss the gnoll shaman.
The gnoll shaman is heavily wounded.
The gnoll shaman barely misses you. x2
You thump the gnoll shaman!
The gnoll shaman is severely wounded.
The gnoll shaman barely misses you.
The gnoll shaman hits you with a +0 club!
You die...

#######'#..... #......<..... .
. #...........#.. ........
#.......................
#....................... ###
#....................... #.#
#...........#...........
###.#######..@..........<.....
#.............g..............#
###.####.[...................'
#.# #....####.............#
#.####.....................#
#.##.......................#
#.##........................
#.##.............#####.####.
#.##......####... #.# #.


You could see a gnoll shaman (berserk, agile, poisoned).

Vanquished Creatures
  2 scorpions (D:4)
  A hound (D:4)
  A bullfrog skeleton (D:4)
  A centaur zombie (D:5)
  An adder (D:2)
  An ooze (D:4)
  A worm (D:3)
  A dart slug (D:2)
  2 leopard geckos
  4 orcs (D:3)
  4 giant cockroaches
  7 goblins
  3 hobgoblins
  11 jackals
  A quokka (D:3)
  7 bats
  5 frilled lizards
  6 kobolds
  2 rats
61 creatures vanquished.

Vanquished Creatures (collateral kills)
  A hobgoblin (D:2)
1 creature vanquished.

Grand Total: 62 creatures vanquished

Notes
Turn   | Place    | Note
-------+----------+-------------------------------------------
     0 | D:1      | inqbanana the Ogre Chaos Knight began the quest for the
                  | Orb.
     0 | D:1      | Reached XP level 1. HP: 24/24 MP: 1/1
    71 | D:1      | Found an iron altar of Okawaru.
   187 | D:1      | Reached XP level 2. HP: 29/32 MP: 2/2
   544 | D:1      | XOM: divination: detect items
   651 | D:2      | XOM: potion effect (haste)
   753 | D:2      | Reached XP level 3. HP: 40/40 MP: 3/3
   763 | D:2      | Found a shadowy altar of Dithmenos.
   929 | D:2      | Reached skill level 1 in Armour
   961 | D:2      | XOM: scenery: 1 doors close
  1139 | D:2      | Reached XP level 4. HP: 43/49 MP: 4/4
  1455 | D:3      | XOM: give mutation
  1455 | D:3      | Gained mutation: You possess an exceptional clarity of
                  | mind. [Xom's grace]
  1457 | D:3      | XOM: fake destruction
  1834 | D:3      | Found a glowing silver altar of Zin.
  1942 | D:3      | You fall into a shaft and drop 2 floors!
  1942 | D:5      | Entered Level 5 of the Dungeon
  2058 | D:4      | Reached skill level 1 in Throwing
  2058 | D:4      | Reached XP level 5. HP: 48/55 MP: 5/5
  2063 | D:4      | Reached skill level 5 in Fighting
  2066 | D:4      | XOM: fog
  2078 | D:4      | Reached XP level 6. HP: 43/66 MP: 4/6
  2241 | D:4      | Noticed Natasha
  2244 | D:4      | XOM: noise
  2252 | D:4      | Noticed Demosthentine's ghost (amateur FoFi)
  2265 | D:3      | Slain by a gnoll shaman

Illustrated notes

Levels and vault maps discovered:
D:1:      scummos_arrival_forest, layout_loops_ring, okawaru_ov_weapons_minmay
D:2:      layout_basic, nicolae_dithmenos_through_a_glass_darkly
D:3:      layout_basic, lemuel_doored_altar
D:4:      layout_gridville, minmay_temple_entry_from_below_a,
          gammafunk_ghost_stat_death, wad_floor_pattern_2, uniq_natasha
D:5:      layout_basic, chequers_temple_overflow_statue_of_worship,
          serial_shops, nicolae_shop_stone

Skill      XL: |  1  2  3  4  5 |
---------------+----------------+-----
Maces & Flails | 3 4 |  4.3
Armour         | 1 |  1.7
Throwing       | 1 |  1.5
Fighting       | 5 |  5.2
Dodging        | 3 |  3.1

Action                   |  1- 3 |  4- 6 || total
-------------------------+-------+-------++-------
Melee: Mace              |   107 |    97 ||   204
Throw: Boomerang         |       |     1 ||     1
  Use: Potion            |     2 |       ||     2
       Scroll            |       |     1 ||     1
 Stab: Paralysed         |       |     1 ||     1
Armor: Robe              |    60 |    80 ||   140
Dodge: Dodged            |   103 |    56 ||   159
